 Dungeon Crawl Stone Soup version 0.21-a0-286-g6fcecc0 (webtiles) character file.

92 JackS81 the Changer (level 4, -2/28 HPs)
             Began as an Octopode Transmuter on Sept 28, 2017.
             Slain by a sky beast (5 damage)
             ... on level 3 of the Dungeon.
             The game lasted 00:09:09 (1672 turns).

JackS81 the Changer (Octopode Transmuter)           Turns: 1672, Time: 00:09:10

Health: -2/28      AC:  1    Str:  9    XL:     4   Next: 60%
Magic:  0/7        EV: 13    Int: 16    God:
Gold:   159        SH:  3    Dex: 12    Spells: 1/7 levels left

rFire    . . .     SeeInvis .     - Unarmed
rCold    . . .     Gourm    .   (no shield)
rNeg     . . .     Faith    .   (helmet restricted)
rPois    .         Spirit   .   n - +3 amulet of reflection
rElec    .         Reflect  +   (no ring)
rCorr    .         Harm     .   (no ring)
MR       .....                  (no ring)
Stlth    ++........             (no ring)
HPRegen  0.09/turn              (no ring)
MPRegen  0.10/turn              (no ring)
                                (no ring)
                                (no ring)

@: appendage, very slightly contaminated
A: almost no armour, stealthy swim, amphibious, 8 rings, constrict 8, tentacle
spike 3, camouflage 1, gelatinous body 1
a: End Transformation


You were on level 3 of the Dungeon.
You were not hungry.
One of your tentacles had a temporary spike.
You visited 1 branch of the dungeon, and saw 3 of its levels.

You collected 159 gold pieces.

Inventory:

Missiles
 a - 86 arrows
 d - 54 stones (quivered)
Jewellery
 n - a +3 amulet of reflection (around mantle)
Scrolls
 e - 4 scrolls of identify {unknown}
 g - a scroll of magic mapping {unknown}
 h - a scroll of fear {unknown}
 j - a scroll of amnesia {unknown}
 l - a scroll of blinking {unknown}
 p - a scroll of teleportation {unknown}
Potions
 k - a potion of ambrosia {unknown}
 m - a potion of might {unknown}
 o - 2 potions of heal wounds {unknown}
Books
 b - a book of Changes

   Spells                             Type                      Level
   a - Beastly Appendage              Transmutation                1
   b - Sticks to Snakes               Transmutation                2
   c - Spider Form                    Transmutation/Poison         3
   d - Ice Form                       Ice/Transmutation            4
   e - Blade Hands                    Transmutation                5
 q - a book of Minor Magic

   Spells                             Type                      Level
   a - Magic Dart                     Conjuration                  1
   b - Blink                          Translocation                2
   c - Call Imp                       Summoning                    2
   d - Slow                           Hexes                        2
   e - Conjure Flame                  Conjuration/Fire             3
   f - Mephitic Cloud                 Conjuration/Poison/Air       3
Comestibles
 c - a bread ration
 f - 2 royal jellies
 i - 2 fruits


   Skills:
 - Level 1.0 Fighting
 - Level 2.0 Dodging
 - Level 3.0 Unarmed Combat
 - Level 2.0 Spellcasting
 * Level 4.6 Transmutations


You had one spell level left.
You knew the following spells:

 Your Spells              Type           Power        Failure   Level  Hunger
a - Beastly Appendage     Tmut           ###...       3%          1    #......
b - Sticks to Snakes      Tmut           ###.....     4%          2    ###....
c - Spider Form           Tmut/Pois      #.........   24%         3    ###....


Dungeon Overview and Level Annotations

Branches:
Dungeon (3/15)

Altars:


Innate Abilities, Weirdness & Mutations

You cannot wear most types of armour.
You are very stealthy in the water. (Stealth+)
You are amphibious.
You can wear up to eight rings at the same time.
You can use your tentacles to constrict eight enemies at once.
Your skin changes colour to match your surroundings (Stealth+).
Your rubbery body absorbs attacks. (AC +1, EV +1)
One of your tentacles bears a large vicious spike.


Message History

Confirm with . or Enter, or press ? or * to list all spells.
You extend your transformation's duration.
Your ball python completely misses the sky beast.
Your adder bites the sky beast.
The sky beast closely misses you.
The kobold closely misses your ball python.
You tentacle-slap the sky beast but do no damage.
The sky beast is lightly wounded.
Your adder bites the sky beast.
The sky beast is poisoned.
Your adder poisons the sky beast!
Your ball python bites the sky beast but does no damage.
The sky beast flickers out of sight!
Deactivating autopickup; reactivate with Ctrl-A.
Something hits you. Something shocks you.
* * * LOW HITPOINT WARNING * * *
The kobold hits your ball python with a short sword.
You closely miss something.
Your tentacle spike misses something.
Something hits you.
* * * LOW HITPOINT WARNING * * *
Something shocks you.
You die...

#.................
#.................
#.................
#.(...........##
#.............#
########......#
#######......#
.≈.≈.........#
≈≈≈.≈.S@.#####
≈≈≈≈≈≈{S.#
≈≈≈≈≈K.≈.#
≈≈≈≈≈≈≈..#
≈♣.≈≈≈...#
._≈≈≈≈...#
♣..≈≈≈...#
≈≈≈≈≈≈...#


You could see a kobold, a friendly adder and a friendly ball python.

Vanquished Creatures
  A howler monkey (D:3)
  A worm (D:2)
  A dart slug (D:1)
  A leopard gecko (D:3)
  7 bats
  2 giant cockroaches
  5 hobgoblins
  A ball python (D:3)
  3 frilled lizards
  7 goblins
  6 kobolds
  13 rats
48 creatures vanquished.

Vanquished Creatures (collateral kills)
  A worm (D:2)
  A hobgoblin (D:3)
2 creatures vanquished.

Grand Total: 50 creatures vanquished

Notes
Turn   | Place    | Note
-------+----------+-------------------------------------------
     0 | D:1      | JackS81 the Octopode Transmuter began the quest for the Orb.
     0 | D:1      | Reached XP level 1. HP: 13/13 MP: 3/3
    34 | D:1      | Reached XP level 2. HP: 15/18 MP: 3/5
   203 | D:1      | Learned a level 2 spell: Sticks to Snakes
   219 | D:1      | Reached skill level 3 in Transmutations
   561 | D:1      | Reached XP level 3. HP: 23/23 MP: 4/6
   925 | D:2      | Learned a level 3 spell: Spider Form
  1377 | D:3      | Reached skill level 4 in Transmutations
  1377 | D:3      | Reached XP level 4. HP: 18/28 MP: 4/7
  1643 | D:3      | Noticed a sky beast
  1652 | D:3      | Found a faded altar of an unknown god.
  1672 | D:3      | Slain by a sky beast

Vault maps used:
D:1:      erik_arrival_orb_chamber
D:3:      first_bread, chequers_ecumenical_altar_island,
          hangedman_feature_mirror, uniq_natasha

Skill      XL: |  1  2  3 |
---------------+----------+-----
Transmutations | 3 4 |  4.6
Fighting       | |  1.0
Dodging        | |  2.0
Unarmed Combat | |  3.0
Spellcasting   | |  2.0

Action                   |  1- 3 |  4- 6 || total
-------------------------+-------+-------++-------
Melee: Unarmed           |    82 |    20 ||   102
       Constrict         |    25 |     1 ||    26
       Kick              |    11 |     3 ||    14
       Tentacles         |    11 |     2 ||    13
       Punch             |     4 |       ||     4
 Cast: Beastly Appendage |    20 |     3 ||    23
       Sticks to Snakes  |     5 |     3 ||     8
       Spider Form       |       |     1 ||     1
 Stab: Sleeping          |     7 |       ||     7
  Eat: Chunk             |     2 |     2 ||     4
Armor: Skin              |     9 |     1 ||    10
Dodge: Dodged            |    45 |     7 ||    52
Block: Other             |     1 |     1 ||     2

Table legend:
 A = Spawn XP
 B = Non-spawn XP
 C = Spawn XP percentage of total XP
 D = Spawn monster count
 E = Non-spawn monster count
 F = Spawn count percentage of total count
 G = Total turns spent on level
                    A         B        C        D         E        F      G
               +---------+---------+-------+---------+---------+-------+---------
         Total |       0 |     132 |   0.0 |       0 |      50 |   0.0 |  1672
               +---------+---------+-------+---------+---------+-------+---------
           D:1 |       0 |      37 |   0.0 |       0 |      26 |   0.0 |   920
           D:2 |       0 |      23 |   0.0 |       0 |      11 |   0.0 |   368
           D:3 |       0 |      72 |   0.0 |       0 |      13 |   0.0 |   384
               +---------+---------+-------+---------+---------+-------+---------
